 Dungeon Crawl Stone Soup version 0.26-a0-50-gc4d14cd842 (webtiles) character file.

Game seed: 16100840517013313889

42 sanka the Poker (level 3, -3/29 HPs)
             Began as a Human Abyssal Knight on June 4, 2020.
             Was a Follower of Lugonu.
             Slain by a gnoll
             ... wielding a +0 whip
              (4 damage)
             ... on level 1 of the Dungeon.
             The game lasted 00:03:06 (1788 turns).

sanka the Poker (Human Abyssal Knight)              Turns: 1788, Time: 00:03:07

Health: -3/29      AC:  6    Str: 13    XL:     3   Next: 80%
Magic:  4/4        EV:  9    Int: 12    God:    Lugonu [*.....]
Gold:   95         SH:  0    Dex: 12    Spells: 2/2 levels left

rFire    + . .     SeeInvis .   a - +1 spear
rCold    + . .     Gourm    .   (no shield)
rNeg     . . .     Faith    .   s - +0 scale mail
rPois    +         Spirit   .   (no helmet)
rElec    +         Reflect  .   (no cloak)
rCorr    +         Harm     .   (no gloves)
MR       .....     Clarity  +   (no boots)
Stlth    ++........             (no amulet)
HPRegen  0.09/turn              m - ring of stealth
MPRegen  0.09/turn              (no ring)

@: resistant
A: camouflage 1, clarity, MP-powered wands
a: Depart the Abyss, Renounce Religion


You were on level 1 of the Dungeon.
You worshipped Lugonu.
Lugonu was aware of your devotion.
You were not hungry.

You visited 1 branch of the dungeon, and saw 2 of its levels.
You visited the Abyss 1 time.

You collected 95 gold pieces.


Innate Abilities, Weirdness & Mutations

Your skin changes colour to match your surroundings (Stealth+).
You possess an exceptional clarity of mind.
You expend magic power (3 MP) to strengthen your wands.


   Skills:
 - Level 3.0 Fighting
 + Level 3.8 Polearms
 - Level 2.0 Armour
 - Level 1.0 Dodging
 - Level 2.0 Invocations


You had 2 spell levels left.
You didn't know any spells.
Your spell library was empty.

Inventory:

Hand Weapons
 a - a +1 spear (weapon)
 b - a +0 hunting sling
Missiles
 h - 37 stones (quivered)
 l - a throwing net {=f}
Armour
 s - a +0 scale mail (worn)
Jewellery
 m - a ring of stealth (left hand)
Scrolls
 d - a scroll of enchant weapon {unknown}
 e - a scroll of blinking {unknown}
 f - 2 scrolls of fear {unknown}
 g - a scroll of remove curse {unknown}
 i - a scroll of amnesia {unknown}
 j - 2 scrolls of identify {unknown}
 o - a scroll of fog {unknown}
 p - a scroll of enchant armour {unknown}
Potions
 n - a potion of flight {unknown}
 r - a potion of curing {unknown}
Comestibles
 c - 5 rations
 t - a chunk of flesh

Dungeon Overview and Level Annotations

Branches:
Dungeon (2/15)

Altars:

▒.▒▒▒.▒..▒▒▒▒▒▒▒▒▒▒▒.▒
▒.▒▒▒.▒..▒▒▒▒ ▒▒▒▒▒▒.▒▒
▒...........▒▒▒.......▒
▒..▒▒..▒.▒...▒▒.▒.▒.▒.▒
▒..▒▒........))........
▒..▒▒.▒▒.▒...▒..▒.▒.▒..
▒..▒▒........▒.........
▒..▒▒▒▒▒.▒...▒▒.▒.▒.▒..
▒....gp.....▒▒▒........
▒▒.▒▒▒▒▒..............▒
▒.▒ ▒.▒..▒▒▒▒▒▒.▒..▒
▒>▒ ▒.▒..▒▒▒▒▒......
▒.▒ ▒.▒..▒▒........[
▒.▒ ▒.▒..▒▒.▒▒......
▒.▒ ▒.▒.............
▒.▒ ▒.▒▒▒▒▒▒▒▒......
▒.▒ ▒.▒ ▒......


You could see a gnoll.


Message History

The gnoll hits you with a +0 whip.
* * * LOW HITPOINT WARNING * * *
You hit the gnoll.
The gnoll is almost dead.
The gnoll hits you with a +0 whip.
* * * LOW HITPOINT WARNING * * *
You closely miss the gnoll.
The gnoll is almost dead.
The gnoll hits you with a +0 whip.
* * * LOW HITPOINT WARNING * * *
You hit the gnoll.
The gnoll is almost dead.
The gnoll hits you with a +0 whip.
* * * LOW HITPOINT WARNING * * *
Use which ability? (? or * to list)
Okay, then.
It was a potion of resistance.
You feel protected. The gnoll closely misses you.
You hit the gnoll but do no damage.
The gnoll is almost dead.
The gnoll hits you with a +0 whip.
* * * LOW HITPOINT WARNING * * *
It was a potion of mutation.
You feel extremely strange.
Your skin functions as natural camouflage.
Your thoughts seem clearer.
You feel your magical essence link to the dungeon's wands.
The gnoll hits you with a +0 whip.
You die...

Action                   || total
-------------------------++-------
Melee: Spear             ||    88
 Fire: Hunting sling     ||    12
  Use: Potion            ||     2
  Eat: Chunk             ||     3
Armor: Leather armour    ||     7
       Scale mail        ||    15
Dodge: Dodged            ||    44

Levels and vault maps discovered:
D:1:      roderic_chinese_lattice_arrival, layout_loops_ring, serial_glass,
          glass_columns_b, glass_columns_a, glass_columns_a, glass_columns_a
D:2:      layout_basic, minmay_lizard_pond

Notes
Turn   | Place    | Note
-------+----------+-------------------------------------------
     0 | Abyss:1  | sanka the Human Abyssal Knight began the quest for the Orb.
     0 | Abyss:1  | Reached XP level 1. HP: 18/18 MP: 2/2
    11 | D:1      | Escaped the Abyss
   234 | D:1      | Reached XP level 2. HP: 16/24 MP: 3/3
   383 | D:1      | Reached skill level 3 in Polearms
   673 | D:1      | Reached ** piety under Lugonu
  1376 | D:2      | Reached XP level 3. HP: 21/29 MP: 4/4
  1779 | D:1      | HP: 1/29 [gnoll/+0 whip (4)]
  1786 | D:1      | Identified a potion of resistance
  1787 | D:1      | HP: 1/29 [gnoll/+0 whip (1)]
  1788 | D:1      | Gained mutation: Your skin changes colour to match your
                  | surroundings (Stealth+). [potion of mutation]
  1788 | D:1      | Gained mutation: You possess an exceptional clarity of
                  | mind. [potion of mutation]
  1788 | D:1      | Gained mutation: You expend magic power (3 MP) to
                  | strengthen your wands. [potion of mutation]
  1788 | D:1      | Slain by a gnoll

Vanquished Creatures
  A gnoll (D:2)
  An adder (D:2)
  A dart slug (D:1)
  2 bats (D:1)
  2 giant cockroaches
  4 hobgoblins
  2 frilled lizards (D:1)
  6 kobolds (D:1)
  3 rats (D:1)
22 creatures vanquished.
